 Dungeon Crawl Stone Soup version 0.28.0-1-gb440e238dd (webtiles) character file.

Game seed: 17612394507054486148

124 issech the Cudgeller (level 4, 0/43 (45) HPs)
             Began as a Troll Monk on Feb 27, 2022.
             Succumbed to Crazy Yiuf's poison
             ... while paralysed by Crazy Yiuf
             ... on level 3 of the Dungeon.
             The game lasted 00:06:00 (2810 turns).

issech the Cudgeller (Troll Monk)                   Turns: 2810, Time: 00:06:01

HP:   0/43 (45)     AC:  5    Str: 19    XL:     4   Next: 81%
MP:   3/3           EV:  1    Int:  6    God:
Gold: 107           SH:  0    Dex: 14    Spells: 3/3 levels left

rFire   . . .      SeeInvis .   q - +2 dagger (drain)
rCold   . . .      Faith    .   (no shield)
rNeg    . . .      Spirit   .   b - +0 robe
rPois   .          Reflect  .   (helmet restricted)
rElec   .          Harm     .   e - +0 cloak
rCorr   .          Rampage  .   (gloves unavailable)
Will    .....                   (boots unavailable)
Stlth   ++........              (no amulet)
HPRegen 0.94/turn               (no ring)
MPRegen 0.08/turn               (no ring)

@: paralysed, lethally poisoned (0 -> -4), lightly drained
A: large, unfitting armour, claws 3, regeneration 1, shaggy fur 1, tough skin 1
a: no special abilities


You were on level 3 of the Dungeon.
You visited 1 branch of the dungeon, and saw 3 of its levels.

You collected 107 gold pieces.

Inventory:

Hand Weapons
 a - a +0 mace
 g - a +0 long sword
 n - a +0 hand axe of electrocution
 q - a +2 dagger of draining (weapon)
Missiles
 c - 53 stones (quivered)
 d - 5 poisoned darts
 f - 46 arrows
 p - 2 boomerangs
Armour
 b - a +0 robe (worn)
 e - a +0 cloak (worn)
Scrolls
 h - 2 scrolls of identify {unknown}
 k - 4 scrolls of teleportation
 m - a scroll of enchant armour {unknown}
Potions
 i - a potion of flight {unknown}
 j - 2 potions of heal wounds {unknown}
 l - a potion of curing {unknown}
 o - a potion of resistance {unknown}


   Skills:
 + Level 3.0 Fighting
 + Level 4.0 Maces & Flails
 + Level 3.1 Dodging
 + Level 1.2 Stealth


You had 3 spell levels left.
You didn't know any spells.
Your spell library was empty.

Dungeon Overview and Level Annotations

Branches:
Dungeon (3/15)

Altars:

Annotations:
D:3 Crazy Yiuf


Innate Abilities, Weirdness & Mutations

You are too large for most types of armour.
You have claws for hands.
Your natural rate of healing is unusually fast.
You are covered in fur. (AC +1)
You have tough skin. (AC +1)


Message History

q - a +2 dagger of draining (weapon)
Crazy Yiuf twirls on the spot.
You open the door.
Crazy Yiuf says, "Cake!
Cards koolooloo chair."
You hit Crazy Yiuf but do no damage.
Crazy Yiuf whimpers, "Nubble forty-two mobile!"
Crazy Yiuf barely misses you.
You closely miss Crazy Yiuf.
Crazy Yiuf hits you with a +3 quarterstaff of chaos!
Unknown command.
You barely miss Crazy Yiuf.
Crazy Yiuf hits you with a +3 quarterstaff of chaos!
You feel drained.
You hit Crazy Yiuf.
Crazy Yiuf is moderately wounded.
Crazy Yiuf hits you with a +3 quarterstaff of chaos.
Crazy Yiuf draws strength from your wounds!
Crazy Yiuf whimpers, "Earwax ragdoll song!"
You hit Crazy Yiuf but do no damage.
Crazy Yiuf is lightly wounded.
Crazy Yiuf says, "Adder shrimp song!"
Crazy Yiuf hits you with a +3 quarterstaff of chaos.
Crazy Yiuf says, "Flower!"
You see here a ball python skeleton.
Crazy Yiuf waves his quarterstaff at you.
You hit Crazy Yiuf but do no damage.
Crazy Yiuf is lightly wounded.
Crazy Yiuf barely misses you.
You barely miss Crazy Yiuf. Your claw misses Crazy Yiuf.
Crazy Yiuf is lightly wounded.
Crazy Yiuf hits you with a +3 quarterstaff of chaos.
You suddenly lose the ability to move!
Crazy Yiuf hits you with a +3 quarterstaff of chaos!
You are poisoned.
You feel very sick.
Crazy Yiuf hits you with a +3 quarterstaff of chaos!
* * * LOW HITPOINT WARNING * * *
Crazy Yiuf burns you!
* * * LOW HITPOINT WARNING * * *
You die...

#.# #........ ###
#.# #####.###
÷.#############.#
#.#
#.##............#
#†#
#.#...############
#.#
.................#
#.#
#.#.).##########.#
#.# #.#..########
#.# #.#
..#.........# #@#
####.###
###########.# #g#
#....... #.## #÷#
#.##.### #..# #.#
#.##.# ####.###.#
#.##.# #........#
##.##.#
#########.##.##..#
#...#.#
..........##.##..#
#.....#
#########........#
#####...###


You could see Crazy Yiuf.

Vanquished Creatures
  A hound (D:3)
  4 adders
  3 dart slugs (D:1)
  3 orcs (D:3)
  6 bats
  An endoplasm (D:3)
  2 giant cockroaches (D:1)
  7 goblins
  5 hobgoblins
  5 ball pythons
  5 frilled lizards
  6 kobolds
  3 rats (D:1)
51 creatures vanquished.

Notes
Turn   | Place    | Note
-------+----------+-------------------------------------------
     0 | D:1      | issech the Troll Monk began the quest for the Orb.
     0 | D:1      | Reached XP level 1. HP: 22/22 MP: 0/0
   142 | D:1      | Reached XP level 2. HP: 29/29 MP: 1/1
   198 | D:1      | Reached skill level 3 in Maces & Flails
   455 | D:1      | Reached XP level 3. HP: 36/36 MP: 2/2
  1797 | D:3      | Reached XP level 4. HP: 31/44 MP: 3/3
  2501 | D:3      | Reached skill level 4 in Maces & Flails
  2524 | D:3      | Found a runed translucent door.
  2525 | D:3      | Noticed Crazy Yiuf
  2807 | D:3      | Paralysed by Crazy Yiuf for 5 turns
  2809 | D:3      | HP: 2/43 [Crazy Yiuf (7)]
  2810 | D:3      | Succumbed to Crazy Yiuf's poison

Illustrated notes

Levels and vault maps discovered:
D:1:      dpeg_arrival_simpleton_c, layout_loops_ring
D:2:      layout_basic, hex_medium
D:3:      layout_loops_ring, serial_forest, infiniplex_forest_lined_3,
          infiniplex_forest_lined_2, infiniplex_forest_clump_small,
          infiniplex_forest_zigzag_1, kennysheep_generic_room_12,
          uniq_crazy_yiuf_cottage

Skill      XL: |  1  2  3  4 |
---------------+-------------+-----
Maces & Flails | 3 4 |  4.0
Fighting       | 3 |  3.0
Dodging        | 3 |  3.1
Stealth        | |  1.2

Action                   |  1- 3 |  4- 6 || total
-------------------------+-------+-------++-------
Melee: Mace              |   115 |    63 ||   178
       Punch             |     2 |       ||     2
       Dagger            |       |     7 ||     7
Throw: Stone             |       |     1 ||     1
  Use: Scroll            |     1 |       ||     1
 Stab: Sleeping          |     2 |     3 ||     5
Armor: Robe              |    47 |    24 ||    71
Dodge: Dodged            |    68 |    31 ||    99
